General information
- name: BNet
- type: Ladder team game (AT/RT)
- host: Battle.net
- saver: Mata.
map: Deadlock
- players: 8
- length: 34:32
- speed: Fast
- version: 1.24 W3XP
- replay type:

» download(378 KB)
Players
team 1 (loser)
LaEvaTeiNn) (
green | 128 APM | 4416 actions | 34:25)
6 Blademaster
2 Wind Walk
3 Critical Strike
1 Bladestorm
5 Shadow Hunter
3 Hex
2 Healing Wave
» actions
| Assign group hotkey | 60 | |
| Basic commands | 351 | |
| Build / train | 83 | |
| ESC pressed | 2 | |
| Enter build submenu | 23 | |
| Enter hero's abilities submenu | 11 | |
| Give item / drop item | 1 | |
| Right click | 1597 | |
| Select / deselect | 554 | |
| Select group hotkey | 1560 | |
| Use ability | 173 | |
4416 total
» units
| Peon | 10 | |
| Grunt | 5 | |
| Troll Witch Doctor | 8 | |
| Tauren | 8 | |
| Kodo Beast | 1 | |
| Troll Batrider | 4 | |
36 total
» upgrades
| Witch Doctor Training | 2 | |
| Reinforced Defenses | 1 | |
| Pulverize | 1 | |
| Armor | 1 | |
| War Drums Damage Increase | 1 | |
| Liquid Fire | 1 | |
7 total
» buildings
| Altar of Storms | 1 | |
| Orc Burrow | 7 | |
| Voodoo Lounge | 1 | |
| Barracks | 1 | |
| Stronghold | 2 | |
| Fortress | 2 | |
| Spirit Lodge | 1 | |
| War Mill | 1 | |
| Tauren Totem | 2 | |
| Beastiary | 2 | |
| Watch Tower | 4 | |
| Great Hall | 1 | |
25 total
» build order
00:08 Altar of Storms
00:20 Orc Burrow
00:51 Voodoo Lounge
01:29 Barracks
01:48 Orc Burrow
02:58 Stronghold
02:58 Stronghold
04:36 Orc Burrow
05:52 Fortress
05:53 Fortress
06:17 Spirit Lodge
06:39 War Mill
08:18 Tauren Totem
08:25 Tauren Totem
08:56 Orc Burrow
09:34 Orc Burrow
10:22 Orc Burrow
11:00 Orc Burrow
12:48 Beastiary
13:53 Watch Tower
13:58 Watch Tower
14:36 Beastiary
23:21 Watch Tower
26:25 Great Hall
27:55 Watch Tower
» items
| Healing Salve | 3 | |
| Scroll of Speed | 1 | |
| Lesser Clarity Potion | 1 | |
| Boots of Speed | 4 | |
| Staff of Sanctuary | 1 | |
| Scroll of Town Portal | 1 | |
| Orb of Lightning | 1 | |
12 total
PheNoM) (
blue | 98 APM | 3394 actions | 34:31)
6 Death Knight
3 Death Coil
1 Unholy Aura
1 Death Pact
1 Animate Dead
4 Lich
2 Frost Nova
2 Frost Armor
» actions
| Assign group hotkey | 31 | |
| Basic commands | 355 | |
| Build / train | 74 | |
| Enter build submenu | 33 | |
| Enter hero's abilities submenu | 11 | |
| Give item / drop item | 2 | |
| Remove unit from queue | 3 | |
| Right click | 1504 | |
| Select / deselect | 351 | |
| Select group hotkey | 918 | |
| Use ability | 112 | |
3394 total
» units
| Acolyte | 14 | |
| Ghoul | 3 | |
| Crypt Fiend | 5 | |
| Frost Wyrm | 10 | |
32 total
» upgrades
| Creature Attack | 2 | |
| Burrow | 1 | |
| Creature Carapace | 1 | |
| Web | 1 | |
| Freezing Breath | 1 | |
6 total
» buildings
| Crypt | 1 | |
| Graveyard | 1 | |
| Altar of Darkness | 1 | |
| Ziggurat | 16 | |
| Tomb of Relics | 1 | |
| Halls of the Dead | 1 | |
| Black Citadel | 1 | |
| Sacrificial Pit | 1 | |
| Boneyard | 2 | |
| Spirit Tower | 5 | |
| Nerubian Tower | 3 | |
| Necropolis | 1 | |
34 total
» build order
00:16 Crypt
00:27 Graveyard
00:47 Altar of Darkness
01:04 Ziggurat
01:33 Tomb of Relics
02:07 Ziggurat
03:59 Halls of the Dead
04:07 Ziggurat
05:27 Ziggurat
07:05 Black Citadel
07:36 Sacrificial Pit
08:21 Ziggurat
09:28 Boneyard
09:36 Boneyard
11:28 Ziggurat
11:29 Ziggurat
12:27 Spirit Tower
12:28 Nerubian Tower
13:25 Ziggurat
13:39 Ziggurat
14:57 Spirit Tower
15:03 Spirit Tower
15:48 Ziggurat
21:28 Ziggurat
21:45 Ziggurat
22:55 Spirit Tower
25:42 Ziggurat
25:53 Ziggurat
26:26 Ziggurat
26:28 Ziggurat
27:58 Nerubian Tower
29:46 Spirit Tower
31:22 Necropolis
31:51 Nerubian Tower
» items
| Rod of Necromancy | 1 | |
| Scroll of Regeneration | 1 | |
| Lesser Clarity Potion | 2 | |
| Potion of Healing | 1 | |
| Scroll of Town Portal | 3 | |
| Orb of Corruption | 1 | |
| Potion of Mana | 1 | |
| Dust of Appearance | 2 | |
| Scroll of Protection | 1 | |
| Potion of Lesser Invulnerability | 1 | |
14 total
sMs.ForSAKEn- (
yellow | 82 APM | 2812 actions | 34:27)
4 Archmage
2 Summon Water Elemental
2 Brilliance Aura
3 Mountain King
1 Storm Bolt
1 Bash
1 Thunder Clap
» actions
| Assign group hotkey | 78 | |
| Basic commands | 87 | |
| Build / train | 157 | |
| ESC pressed | 16 | |
| Enter build submenu | 58 | |
| Enter hero's abilities submenu | 7 | |
| Right click | 938 | |
| Select / deselect | 577 | |
| Select group hotkey | 710 | |
| Use ability | 184 | |
2812 total
» units
| Peasant | 52 | |
| Footman | 16 | |
| Dragonhawk Rider | 21 | |
| Gryphon Rider | 13 | |
102 total
» upgrades
| Defend | 1 | |
| Lumber Harvesting | 2 | |
| Cloud | 1 | |
| Masonry | 2 | |
| Storm Hammers | 1 | |
7 total
» buildings
| Altar of Kings | 2 | |
| Farm | 13 | |
| Barracks | 1 | |
| Scout Tower | 35 | |
| Arcane Tower | 2 | |
| Lumber Mill | 3 | |
| Town Hall | 5 | |
| Guard Tower | 19 | |
| Keep | 1 | |
| Arcane Vault | 1 | |
| Castle | 1 | |
| Gryphon Aviary | 3 | |
86 total
» build order
00:12 Altar of Kings
00:24 Farm
00:26 Barracks
00:40 Farm
02:10 Scout Tower
02:43 Arcane Tower
02:45 Farm
02:55 Lumber Mill
04:11 Town Hall
04:18 Farm
04:47 Scout Tower
05:23 Scout Tower
05:25 Arcane Tower
05:28 Farm
05:57 Guard Tower
05:59 Scout Tower
06:00 Scout Tower
06:01 Scout Tower
06:02 Scout Tower
06:03 Scout Tower
06:32 Keep
07:29 Guard Tower
07:40 Arcane Vault
07:50 Guard Tower
08:21 Guard Tower
09:14 Guard Tower
09:16 Farm
09:16 Farm
09:17 Farm
09:55 Castle
10:18 Gryphon Aviary
10:29 Gryphon Aviary
11:31 Farm
12:04 Farm
12:10 Gryphon Aviary
15:19 Scout Tower
15:22 Scout Tower
15:24 Scout Tower
15:26 Scout Tower
15:28 Town Hall
15:32 Lumber Mill
15:50 Guard Tower
15:53 Guard Tower
17:37 Lumber Mill
18:21 Guard Tower
18:22 Guard Tower
18:30 Guard Tower
18:30 Guard Tower
18:31 Guard Tower
18:37 Scout Tower
18:38 Scout Tower
18:40 Scout Tower
18:41 Scout Tower
18:42 Scout Tower
18:44 Scout Tower
18:45 Scout Tower
19:39 Guard Tower
20:15 Guard Tower
21:16 Guard Tower
21:18 Scout Tower
21:19 Scout Tower
21:19 Scout Tower
21:51 Guard Tower
22:13 Farm
24:42 Town Hall
25:37 Scout Tower
25:38 Scout Tower
25:40 Scout Tower
25:42 Scout Tower
25:45 Scout Tower
25:48 Scout Tower
25:51 Scout Tower
25:52 Scout Tower
25:56 Scout Tower
25:58 Scout Tower
26:09 Guard Tower
26:17 Guard Tower
26:39 Scout Tower
27:11 Guard Tower
27:35 Scout Tower
27:36 Scout Tower
27:53 Altar of Kings
28:33 Farm
28:34 Farm
30:07 Town Hall
30:35 Town Hall
» items
| Scroll of Regeneration | 2 | |
| Scroll of Town Portal | 1 | |
| Potion of Mana | 1 | |
| Potion of Lesser Invulnerability | 1 | |
| Scroll of Healing | 1 | |
| Lesser Clarity Potion | 1 | |
| Staff of Sanctuary | 1 | |
8 total

»
TRiNiTRiNE (
teal | 72 APM | 2485 actions | 34:31)
6 Mountain King
3 Storm Bolt
2 Bash
1 Avatar
» actions
| Assign group hotkey | 20 | |
| Basic commands | 80 | |
| Build / train | 85 | |
| Enter build submenu | 25 | |
| Enter hero's abilities submenu | 6 | |
| Give item / drop item | 1 | |
| Remove unit from queue | 8 | |
| Right click | 963 | |
| Select / deselect | 314 | |
| Select group hotkey | 931 | |
| Use ability | 52 | |
2485 total
» units
| Peasant | 33 | |
| Rifleman | 9 | |
| Mortar Team | 1 | |
| Flying Machine | 2 | |
| Siege Engine | 5 | |
50 total
» upgrades
| Gunpowder | 3 | |
| Masonry | 1 | |
| Lumber Harvesting | 2 | |
| Swords | 0 | |
| Flak Cannons | 0 | |
| Barrage | 1 | |
| Plating | 3 | |
10 total
» buildings
| Farm | 10 | |
| Altar of Kings | 1 | |
| Blacksmith | 1 | |
| Barracks | 2 | |
| Scout Tower | 2 | |
| Arcane Vault | 1 | |
| Arcane Tower | 1 | |
| Lumber Mill | 2 | |
| Keep | 1 | |
| Town Hall | 1 | |
| Castle | 1 | |
| Workshop | 4 | |
27 total
» build order
00:12 Farm
00:15 Altar of Kings
01:06 Blacksmith
01:13 Barracks
01:24 Barracks
01:51 Farm
02:30 Scout Tower
02:44 Scout Tower
02:54 Arcane Vault
03:01 Farm
03:09 Farm
03:16 Arcane Tower
03:57 Farm
04:45 Lumber Mill
05:01 Lumber Mill
05:52 Keep
07:35 Town Hall
09:21 Castle
10:15 Castle
10:50 Workshop
10:52 Workshop
10:54 Workshop
11:26 Workshop
12:17 Farm
12:18 Farm
13:00 Farm
13:01 Farm
15:46 Farm
» items
| Scroll of Regeneration | 5 | |
| Lesser Clarity Potion | 1 | |
| Scroll of Town Portal | 1 | |
7 total
team 2 (winner)
Gobiner (
red | 56 APM | 1926 actions | 34:32)
8 Blademaster
3 Wind Walk
3 Critical Strike
1 Bladestorm
1 Mirror Image
» actions
| Assign group hotkey | 31 | |
| Basic commands | 13 | |
| Build / train | 95 | |
| ESC pressed | 13 | |
| Enter build submenu | 55 | |
| Enter hero's abilities submenu | 8 | |
| Give item / drop item | 12 | |
| Right click | 855 | |
| Select / deselect | 259 | |
| Select group hotkey | 389 | |
| Use ability | 196 | |
1926 total
» units
» upgrades
| Spiked Barricades | 1 | |
| Reinforced Defenses | 1 | |
| Liquid Fire | 1 | |
| Ranged Weapons | 1 | |
| Envenomed Spears | 1 | |
5 total
» buildings
| Altar of Storms | 1 | |
| Orc Burrow | 4 | |
| War Mill | 1 | |
| Watch Tower | 35 | |
| Voodoo Lounge | 4 | |
| Stronghold | 1 | |
| Beastiary | 3 | |
| Fortress | 1 | |
| Great Hall | 3 | |
53 total
» build order
00:08 Altar of Storms
00:20 Orc Burrow
00:32 War Mill
01:47 Orc Burrow
01:52 Watch Tower
01:59 Voodoo Lounge
02:53 Watch Tower
03:07 Watch Tower
04:00 Watch Tower
04:53 Watch Tower
04:55 Watch Tower
05:37 Stronghold
05:40 Watch Tower
05:42 Watch Tower
06:45 Voodoo Lounge
07:11 Watch Tower
07:12 Watch Tower
07:59 Beastiary
08:00 Beastiary
08:03 Fortress
08:07 Beastiary
08:12 Orc Burrow
08:14 Orc Burrow
09:03 Watch Tower
09:04 Watch Tower
09:09 Watch Tower
09:32 Voodoo Lounge
10:27 Watch Tower
10:34 Watch Tower
12:04 Watch Tower
12:05 Watch Tower
13:11 Watch Tower
13:20 Watch Tower
14:15 Voodoo Lounge
14:45 Great Hall
15:11 Watch Tower
15:29 Watch Tower
15:30 Watch Tower
15:44 Watch Tower
15:47 Watch Tower
16:52 Watch Tower
16:53 Watch Tower
17:09 Watch Tower
17:14 Watch Tower
18:05 Watch Tower
18:08 Watch Tower
20:13 Watch Tower
25:47 Watch Tower
27:57 Great Hall
28:18 Watch Tower
29:25 Watch Tower
30:40 Great Hall
32:00 Watch Tower
» items
| Healing Salve | 4 | |
| Circlet of Nobility | 1 | |
| Staff of Teleportation | 2 | |
| Dust of Appearance | 1 | |
| Boots of Speed | 1 | |
| Lesser Clarity Potion | 6 | |
| Potion of Healing | 2 | |
| Orb of Lightning | 1 | |
| Potion of Lesser Invulnerability | 1 | |
19 total

»
kunt.roII (
pink | 124 APM | 4285 actions | 34:32)
6 Tauren Chieftain
2 War Stomp
3 Endurance Aura
1 Reincarnation
4 Shadow Hunter
2 Healing Wave
2 Hex
» actions
| Assign group hotkey | 132 | |
| Basic commands | 63 | |
| Build / train | 94 | |
| ESC pressed | 9 | |
| Enter build submenu | 25 | |
| Enter hero's abilities submenu | 10 | |
| Give item / drop item | 5 | |
| Right click | 2051 | |
| Select / deselect | 559 | |
| Select group hotkey | 1217 | |
| Use ability | 120 | |
4285 total
» units
| Peon | 20 | |
| Grunt | 3 | |
| Troll Headhunter/Berserker | 17 | |
| Razormane Medicine Man | 2 | |
| Troll Witch Doctor | 2 | |
44 total
» upgrades
| Ranged Weapons | 2 | |
| Armor | 3 | |
| Troll Regeneration | 1 | |
| Witch Doctor Training | 2 | |
| Berserker Upgrade | 1 | |
| Burning Oil | 1 | |
| Reinforced Defenses | 1 | |
11 total
» buildings
| Altar of Storms | 1 | |
| Orc Burrow | 8 | |
| Barracks | 2 | |
| War Mill | 1 | |
| Voodoo Lounge | 1 | |
| Great Hall | 2 | |
| Watch Tower | 7 | |
| Stronghold | 1 | |
| Fortress | 2 | |
| Spirit Lodge | 1 | |
26 total
» build order
00:10 Altar of Storms
00:21 Orc Burrow
00:36 Barracks
01:34 Orc Burrow
02:12 War Mill
02:34 Voodoo Lounge
03:14 Great Hall
03:28 Watch Tower
04:15 Barracks
04:46 Orc Burrow
06:11 Watch Tower
06:14 Watch Tower
07:03 Stronghold
08:00 Orc Burrow
08:02 Orc Burrow
08:24 Watch Tower
08:26 Watch Tower
09:19 Watch Tower
10:07 Fortress
10:12 Spirit Lodge
12:11 Watch Tower
12:35 Orc Burrow
17:50 Orc Burrow
17:51 Orc Burrow
20:17 Great Hall
» items
| Healing Salve | 3 | |
| Scroll of Speed | 4 | |
| Lesser Clarity Potion | 2 | |
| Potion of Healing | 4 | |
| Scroll of Town Portal | 4 | |
| Potion of Mana | 1 | |
| Orb of Lightning | 1 | |
19 total
Mata. (
orange | 121 APM | 4174 actions | 34:32)
7 Archmage
3 Blizzard
3 Brilliance Aura
1 Mass Teleport
» actions
| Assign group hotkey | 342 | |
| Basic commands | 106 | |
| Build / train | 227 | |
| Enter build submenu | 83 | |
| Enter hero's abilities submenu | 7 | |
| Remove unit from queue | 10 | |
| Right click | 1792 | |
| Select / deselect | 965 | |
| Select group hotkey | 348 | |
| Use ability | 294 | |
4174 total
» units
| Peasant | 33 | |
| Footman | 13 | |
| Dragonhawk Rider | 10 | |
| Siege Engine | 5 | |
| Mortar Team | 2 | |
| Priest | 2 | |
| Spell Breaker | 2 | |
| Gryphon Rider | 1 | |
68 total
» upgrades
| Masonry | 3 | |
| Lumber Harvesting | 2 | |
| Gunpowder | 1 | |
| Fragmentation Shards | 1 | |
| Flare | 1 | |
| Barrage | 1 | |
| Cloud | 1 | |
| Plating | 2 | |
| Animal War Training | 1 | |
| Armor | 2 | |
| Swords | 0 | |
| Priest Training | 2 | |
17 total
» buildings
| Altar of Kings | 1 | |
| Farm | 13 | |
| Barracks | 1 | |
| Scout Tower | 68 | |
| Arcane Tower | 8 | |
| Lumber Mill | 1 | |
| Arcane Vault | 1 | |
| Guard Tower | 85 | |
| Town Hall | 4 | |
| Keep | 1 | |
| Castle | 1 | |
| Blacksmith | 1 | |
| Workshop | 2 | |
| Gryphon Aviary | 3 | |
| Arcane Sanctum | 1 | |
| Cannon Tower | 7 | |
198 total
» build order
00:05 Altar of Kings
00:18 Farm
00:21 Barracks
00:47 Farm
01:38 Scout Tower
01:41 Farm
01:46 Farm
02:13 Arcane Tower
02:13 Arcane Tower
02:13 Arcane Tower
02:16 Scout Tower
02:29 Lumber Mill
03:16 Arcane Vault
03:27 Scout Tower
03:28 Scout Tower
03:28 Scout Tower
03:37 Guard Tower
03:53 Guard Tower
03:54 Guard Tower
03:56 Arcane Tower
03:56 Arcane Tower
04:09 Guard Tower
05:36 Scout Tower
05:37 Scout Tower
05:38 Scout Tower
05:43 Scout Tower
05:48 Scout Tower
05:49 Scout Tower
06:04 Guard Tower
06:04 Guard Tower
06:07 Scout Tower
06:08 Scout Tower
06:09 Scout Tower
06:12 Guard Tower
06:12 Guard Tower
06:17 Guard Tower
06:32 Scout Tower
06:34 Scout Tower
06:53 Guard Tower
06:54 Guard Tower
06:57 Town Hall
07:04 Guard Tower
07:04 Guard Tower
07:04 Guard Tower
07:06 Scout Tower
07:18 Guard Tower
07:18 Guard Tower
07:46 Guard Tower
07:46 Guard Tower
07:47 Guard Tower
08:25 Scout Tower
08:26 Scout Tower
09:01 Guard Tower
09:01 Guard Tower
09:01 Guard Tower
09:04 Keep
09:47 Guard Tower
09:47 Guard Tower
09:49 Scout Tower
09:50 Scout Tower
09:51 Scout Tower
10:09 Scout Tower
10:09 Scout Tower
10:10 Scout Tower
10:21 Guard Tower
10:22 Guard Tower
10:24 Guard Tower
10:24 Guard Tower
10:24 Guard Tower
10:49 Guard Tower
10:51 Town Hall
12:16 Castle
12:21 Blacksmith
12:26 Scout Tower
12:27 Scout Tower
12:28 Scout Tower
13:09 Guard Tower
13:29 Guard Tower
13:33 Workshop
13:34 Workshop
13:53 Guard Tower
13:53 Guard Tower
14:03 Scout Tower
14:04 Scout Tower
14:05 Scout Tower
14:10 Scout Tower
15:20 Gryphon Aviary
15:23 Gryphon Aviary
15:28 Gryphon Aviary
19:06 Arcane Sanctum
21:17 Farm
21:17 Farm
21:18 Farm
21:53 Farm
21:55 Farm
23:38 Scout Tower
23:38 Scout Tower
23:38 Scout Tower
23:39 Scout Tower
23:39 Scout Tower
24:51 Cannon Tower
24:51 Cannon Tower
25:48 Scout Tower
25:48 Scout Tower
25:49 Scout Tower
25:50 Scout Tower
25:51 Scout Tower
26:18 Guard Tower
26:19 Scout Tower
26:20 Scout Tower
26:20 Scout Tower
26:21 Scout Tower
26:21 Scout Tower
26:22 Scout Tower
26:27 Scout Tower
26:27 Scout Tower
26:28 Scout Tower
26:28 Scout Tower
26:29 Guard Tower
26:29 Guard Tower
26:36 Farm
26:36 Farm
26:39 Farm
26:39 Farm
27:16 Guard Tower
27:16 Guard Tower
27:16 Guard Tower
27:17 Scout Tower
27:18 Scout Tower
27:18 Scout Tower
27:19 Guard Tower
27:19 Guard Tower
27:22 Cannon Tower
27:45 Guard Tower
27:47 Town Hall
27:49 Cannon Tower
27:49 Cannon Tower
29:40 Scout Tower
29:41 Scout Tower
29:43 Scout Tower
29:45 Town Hall
30:02 Scout Tower
30:08 Scout Tower
30:08 Scout Tower
30:27 Guard Tower
30:34 Guard Tower
30:34 Guard Tower
30:39 Guard Tower
30:39 Guard Tower
31:21 Guard Tower
31:21 Guard Tower
31:22 Scout Tower
31:23 Scout Tower
31:24 Scout Tower
31:25 Scout Tower
31:25 Scout Tower
31:55 Guard Tower
31:55 Guard Tower
32:20 Guard Tower
32:20 Guard Tower
32:43 Guard Tower
32:43 Guard Tower
34:02 Guard Tower
34:02 Guard Tower
» items
| Staff of Teleportation | 1 | |
| Potion of Healing | 1 | |
| Staff of Sanctuary | 1 | |
| Scroll of Town Portal | 6 | |
| Scroll of Regeneration | 1 | |
10 total
timg4strok (
purple | 116 APM | 4003 actions | 34:31)
10 Mountain King
3 Storm Bolt
3 Bash
1 Avatar
3 Thunder Clap
» actions
| Assign group hotkey | 19 | |
| Basic commands | 62 | |
| Build / train | 98 | |
| Enter build submenu | 30 | |
| Enter hero's abilities submenu | 10 | |
| Give item / drop item | 6 | |
| Right click | 1851 | |
| Select / deselect | 296 | |
| Select group hotkey | 1519 | |
| Use ability | 112 | |
4003 total
» units
| Peasant | 22 | |
| Footman | 4 | |
| Gryphon Rider | 8 | |
34 total
» upgrades
| Masonry | 3 | |
| Lumber Harvesting | 2 | |
| Swords | 3 | |
| Animal War Training | 1 | |
| Storm Hammers | 1 | |
| Armor | 3 | |
13 total
» buildings
| Altar of Kings | 2 | |
| Barracks | 1 | |
| Farm | 12 | |
| Scout Tower | 12 | |
| Arcane Tower | 3 | |
| Lumber Mill | 1 | |
| Town Hall | 2 | |
| Keep | 1 | |
| Guard Tower | 9 | |
| Blacksmith | 1 | |
| Arcane Vault | 1 | |
| Castle | 1 | |
| Gryphon Aviary | 2 | |
48 total
» build order
00:07 Altar of Kings
00:18 Barracks
00:20 Farm
00:45 Farm
01:46 Farm
01:49 Scout Tower
02:17 Arcane Tower
02:55 Lumber Mill
04:18 Town Hall
04:23 Scout Tower
04:23 Scout Tower
04:27 Keep
04:39 Scout Tower
04:51 Arcane Tower
04:52 Arcane Tower
04:55 Scout Tower
05:54 Guard Tower
05:57 Guard Tower
05:59 Blacksmith
06:07 Arcane Vault
07:05 Castle
07:43 Gryphon Aviary
07:55 Gryphon Aviary
09:52 Farm
09:52 Farm
10:48 Farm
10:48 Farm
10:49 Farm
10:49 Farm
12:25 Farm
12:25 Farm
12:34 Scout Tower
12:36 Scout Tower
12:36 Scout Tower
12:37 Scout Tower
12:39 Scout Tower
14:18 Guard Tower
14:42 Guard Tower
15:11 Guard Tower
15:11 Guard Tower
15:11 Guard Tower
16:44 Scout Tower
16:45 Scout Tower
18:16 Guard Tower
18:32 Town Hall
25:49 Altar of Kings
25:50 Farm
» items
| Healing Salve | 3 | |
| Lesser Clarity Potion | 4 | |
| Boots of Speed | 1 | |
| Scroll of Town Portal | 7 | |
| Potion of Healing | 2 | |
| Scroll of Regeneration | 7 | |
| Orb of Lightning | 1 | |
| Staff of Sanctuary | 1 | |
26 total
Chat log
(00:25 / Allies) kunt.roII: help me expo with ur blade gob
(00:55 / Allies) kunt.roII: yeah
(00:58 / Allies) kunt.roII: im tc hh
(01:58 / Allies) kunt.roII: if u can feed like 50/50 once u get tower gob
(02:00 / Allies) kunt.roII: would b enice
(02:35 / Allies) kunt.roII: fuckin laggg
(03:22 / Allies) kunt.roII: jesus
(03:23 / All) timg4strok: ;lagger!!!
(03:52 / Allies) kunt.roII: i can sorta
(05:46 / Allies) kunt.roII: mine is up saftely
(08:06 / Allies) kunt.roII: tt
(08:09 / Allies) kunt.roII: image cant buy
(09:33 / Allies) kunt.roII: wood ne1
(09:42 / Allies) kunt.roII: lmao
(10:35 / Allies) kunt.roII: tttt
(10:39 / Allies) kunt.roII: no
(11:14 / Allies) kunt.roII: jesus
(11:14 / Allies) kunt.roII: p
(11:18 / Allies) kunt.roII: coudlnt do a thing
(11:23 / Allies) kunt.roII: bolt hex to death
(11:25 / Allies) kunt.roII: no time
(11:48 / Allies) kunt.roII: build
(11:49 / Allies) kunt.roII: bat
(12:53 / Allies) timg4strok: WOOD
(12:54 / Allies) timg4strok: gob
(15:13 / Allies) kunt.roII: mass gyro maybe
(16:32 / Allies) kunt.roII: abandon my base?
(16:39 / Allies) kunt.roII: or fight
(17:11 / Allies) kunt.roII: if timg tps
(17:38 / Allies) kunt.roII: god
(17:41 / Allies) kunt.roII: its
(17:42 / Allies) kunt.roII: fucking perma stun
(18:00 / All) kunt.roII: like
(18:04 / Allies) kunt.roII: full hp to nothing tc
(18:04 / Allies) kunt.roII: t.t
(18:13 / Allies) kunt.roII: need hp
(18:15 / Allies) kunt.roII: i had pots
(18:20 / Allies) kunt.roII: needed to hit invuln before
(18:23 / Allies) kunt.roII: it even got hit
(18:35 / Allies) kunt.roII: but havent had chance to go by one
(18:39 / Allies) kunt.roII: ps need gold for reexpo
(19:15 / Allies) kunt.roII: gobliner
(19:18 / Allies) kunt.roII: gold me
(19:25 / Allies) kunt.roII: teal
(19:33 / Allies) kunt.roII: 100 more
(20:05 / Allies) kunt.roII: they have bettter army so
(20:09 / Allies) kunt.roII: guess expo tradin still
(20:24 / Allies) kunt.roII: 12k gold lmao
(20:26 / Allies) kunt.roII: can u buy tp on me
(20:27 / Allies) kunt.roII: at least
(21:19 / Allies) kunt.roII: just in time
(22:14 / Allies) kunt.roII: woot
(22:26 / Allies) kunt.roII: gl hf
(22:44 / Allies) kunt.roII: gob
(22:45 / Allies) kunt.roII: feed me
(22:47 / Allies) kunt.roII: to to tavn
(23:17 / Allies) kunt.roII: lil more
(23:29 / Allies) kunt.roII: LIL
(23:29 / Allies) kunt.roII: MORE
(23:38 / Allies) kunt.roII: just 100
(24:43 / Allies) kunt.roII: buy orb and salv if u can
(25:17 / Allies) kunt.roII: ud about to clean u up
(26:42 / Allies) kunt.roII: no tp on heroes
(26:42 / Allies) kunt.roII: gob
(26:43 / Allies) kunt.roII: fight
(27:34 / Allies) kunt.roII: epxo
(27:46 / Allies) kunt.roII: make towers with ur gold so we have a better fighting base
(28:07 / Allies) kunt.roII: ?
(28:59 / Allies) kunt.roII: just
(29:01 / Allies) kunt.roII: make it no gold game
(29:50 / Allies) kunt.roII: want aura 3
(30:04 / Allies) kunt.roII: tc no mana items so
(30:05 / Allies) kunt.roII: yeah
(30:19 / Allies) kunt.roII: um
(30:51 / Allies) kunt.roII: not much else to his
(30:55 / Allies) kunt.roII: just making ur gryphs attack faster
(31:19 / Allies) kunt.roII: few cannont owers
(31:19 / Allies) kunt.roII: imo
(31:46 / Allies) kunt.roII: we should fight
(31:48 / Allies) kunt.roII: pick off shit
(31:49 / Allies) kunt.roII: with our stuns
(32:02 / Allies) kunt.roII: no point in me killing his useles buildings
(33:19 / All) Mata.: gg
(34:28 / All) Gobiner: 2ez
(34:29 / All) timg4strok: leave noobs